 Dungeon Crawl Stone Soup version 0.28.0-45-g0d030f2227 (webtiles) character file.

Game seed: 1769848680637378696

20668 andrewp the Severer (level 12, -1/110 HPs)
             Began as a Minotaur Berserker on Apr 15, 2022.
             Was a High Priest of Trog.
             Killed from afar by Jorgrun (55 damage)
             ... with an iron shot
             ... on level 12 of the Dungeon.
             The game lasted 00:46:19 (14063 turns).

andrewp the Severer (Minotaur Berserker)           Turns: 14063, Time: 00:46:20

Health: -1/110     AC: 28    Str: 27    XL:     12   Next: 47%
Magic:  11/11      EV:  7    Int:  4    God:    Trog [*****.]
Gold:   665        SH:  0    Dex: 10    Spells: 11/11 levels left

rFire   . . .      SeeInvis .   a - +2 battleaxe (vorpal)
rCold   . . .      Faith    .   (shield currently unavailable)
rNeg    . . .      Spirit   .   I - +0 plate armour
rPois   .          Reflect  .   (helmet restricted)
rElec   .          Harm     .   i - +0 cloak
rCorr   .          Rampage  +   H - +0 pair of gloves
Will    +++..                   k - +1 pair of boots {rampage}
Stlth   ..........              s - amulet of the acrobat
HPRegen 1.28/turn               e - +4 ring of protection
MPRegen 0.12/turn               d - ring of willpower

@: grasped by roots, strong-willed, regenerating, constricted
A: horns 2, retaliatory headbutt, iridescent scales 1
a: Renounce Religion, Berserk, Trog's Hand, Brothers in Arms


You were on level 12 of the Dungeon.
You worshipped Trog.
Trog was extremely pleased with you.
You visited 1 branch of the dungeon, and saw 12 of its levels.

You collected 784 gold pieces.
You spent 119 gold pieces at shops.

Inventory:

Hand Weapons
 a - a +2 vorpal battleaxe (weapon)
 b - a +2 great mace of protection
 F - a +1 halberd of flaming
Armour
 i - a +0 cloak (worn)
 k - a +1 pair of boots of rampaging (worn)
 H - a +0 pair of gloves (worn)
 I - a +0 plate armour (worn)
Jewellery
 d - a ring of willpower (right hand)
 e - a +4 ring of protection (left hand)
 m - a ring of willpower
 n - a ring of flight
 s - an amulet of the acrobat (around neck)
 C - the ring of Saig {Wiz rElec rPois Will- Str-3}
   (You took it off a tengu conjurer on level 9 of the Dungeon)

   [ring of wizardry]

   It improves your spell success rate.
   Str:       It affects your strength (-3).
   rElec:     It insulates you from electricity.
   rPois:     It protects you from poison.
   Will:      It decreases your willpower.
 G - a ring of see invisible
Wands
 c - a wand of polymorph (9)
 l - a wand of flame (24)
 r - a wand of charming (13)
 w - a wand of acid (4)
 y - a wand of iceblast (8)
Scrolls
 g - a scroll of fear
 h - 8 scrolls of teleportation
 p - a scroll of enchant armour
 u - a scroll of silence
 v - 2 scrolls of fog
 x - 2 scrolls of blinking
 D - a scroll of immolation
 E - 4 scrolls of identify
Potions
 f - 2 potions of flight
 j - 2 potions of attraction
 o - 2 potions of curing
 q - a potion of mutation
 t - a potion of might
 z - 4 potions of haste {unknown}
 A - 2 potions of degeneration {unknown}
 B - a potion of lignification


   Skills:
 + Level 11.1 Fighting
 + Level 15.6(15.8) Axes
 + Level 2.9(10.6) Maces & Flails
 + Level 1.5(10.3) Polearms
 * Level 14.8 Armour
 + Level 5.7 Dodging
 + Level 2.1 Stealth
 + Level 1.0 Unarmed Combat


You had 11 spell levels left.
You didn't know any spells.
Your spell library was empty.

Dungeon Overview and Level Annotations

Branches:
Dungeon (12/15)            Temple (0/1) D:4            Lair (0/6) D:9
    Orc (0/2) D:10

Altars:
Nemelex Xobeh
Okawaru
Ru
Trog
Uskayaw
Zin

Shops:
D:8 ?(

Annotations:
D:9 1 runed translucent door
D:12 Jorgrun


Innate Abilities, Weirdness & Mutations

You have a pair of horns on your head.
You reflexively headbutt those who attack you in melee.
You are partially covered in iridescent scales. (AC +2)


Message History

You closely miss Jorgrun. Your headbutt misses Jorgrun.
Jorgrun is lightly wounded.
Jorgrun hits you with a +0 vorpal quarterstaff.
You hit Jorgrun but do no damage. You headbutt Jorgrun.
Jorgrun is lightly wounded.
Jorgrun gestures next to you while chanting.
The wall shatters!
The blast of rock fragments hits you but does no damage.
You slash Jorgrun! Your headbutt misses Jorgrun.
Jorgrun is lightly wounded.
Jorgrun gestures at you while chanting.
Roots burst forth from the earth!
The grasping roots grab you! The grasping roots constrict you.
You miss Jorgrun.
Jorgrun is lightly wounded.
You slash Jorgrun!
Jorgrun is moderately wounded.
Jorgrun hits you but does no damage. The grasping roots constrict you.
You hit Jorgrun but do no damage.
Jorgrun is moderately wounded.
Jorgrun hits you but does no damage. The grasping roots constrict you!
You slice Jorgrun!!
Jorgrun is heavily wounded.
Jorgrun hits you with a +0 vorpal quarterstaff.
The grasping roots constrict you.
You hit Jorgrun.
Jorgrun is heavily wounded.
Jorgrun hits you with a +0 vorpal quarterstaff!
The grasping roots constrict you!
You miss Jorgrun. Your headbutt misses Jorgrun.
Jorgrun is heavily wounded.
Jorgrun hits you with a +0 vorpal quarterstaff.
The grasping roots constrict you.
You miss Jorgrun.
Jorgrun is heavily wounded.
Jorgrun points at you and mumbles some strange words.
The iron shot hits you!!!
Ouch! That really hurt!
You die...

##.# #...###≈≈≈≈###...# #.#
#####..###.....≈≈≈≈≈≈.....###..
#............. ≈≈≈≈≈≈......###.
#.....####...###≈≈≈≈###..#.# #.
#...........#...#≈≈#:..#.#.###.
#####.###...#.⌠.#≈≈#.⌠.#....##.
#.# #>.#...#≈≈#...#..#..#. #.#
#...###≈..≈###..###.#. #.#
#...g@.?........###.#. #.#
###..#.##########..... #<#
##...# #..... ###.#### #####
#..... #......# #..... #......#
#..... #......# #..... ########
######


You could see Jorgrun.

Vanquished Creatures
  4 hydras
  A boulder beetle (D:9)
  3 two-headed ogres
  A centaur warrior (D:9)
  A wizard (D:12)
  4 lindwurms (D:9)
  A deep elf pyromancer (D:9)
  2 ugly things (D:12)
  3 manticores
  2 cyclopes
  Maurice (D:10)
  Joseph (D:7)
  2 gargoyles
  A freezing wraith (D:9)
  A kobold demonologist (D:9)
  A tengu conjurer (D:9)
  4 trolls
  2 hornets
  Grinder (D:3)
  2 slime creatures
  2 vampires
  A wraith (D:12)
  A shadow (D:10)
  A water elemental (D:12)
  Eustachio (D:5)
  4 yaks (D:8)
  A steam dragon (D:8)
  2 basilisks
  A warg (D:10)
  An acid dragon (D:11)
  2 water moccasins
  A black bear (shapeshifter) (D:12)
  6 orc warriors
  A hornet zombie (D:8)
  An ice beast (D:8)
  2 necrophages
  An ogre (D:6)
  5 centaurs
  6 kobold brigands
  A bullfrog (D:9)
  A wyvern zombie (D:8)
  A scorpion (D:6)
  A water moccasin skeleton (D:5)
  7 killer bees
  5 howler monkeys
  A crimson imp (D:12)
  A centaur zombie (D:6)
  10 orc priests
  2 centaur skeletons
  4 hounds
  A jelly (D:7)
  Ijyb (D:3)
  A gnoll shaman (D:9)
  4 iguanas
  15 orc wizards
  9 gnolls
  A howler monkey skeleton (D:7)
  8 adders
  A shadow imp (D:6)
  A white imp (D:6)
  An adder skeleton (D:4)
  2 worms
  3 dart slugs
  50 orcs
  3 bats
  5 endoplasms
  2 giant cockroaches
  2 goblins
  6 hobgoblins
  6 jackals
  29 kobolds
  2 quokkas (D:2)
  7 ball pythons
  A frilled lizard (D:1)
  7 rats
280 creatures vanquished.

Vanquished Creatures (others)
  A jelly (D:8)
  8 fungi
  6 plants (D:2)
15 creatures vanquished.

Grand Total: 295 creatures vanquished

Notes
Turn   | Place    | Note
-------+----------+-------------------------------------------
     0 | D:1      | andrewp the Minotaur Berserker began the quest for the Orb.
     0 | D:1      | Reached XP level 1. HP: 19/19 MP: 0/0
   448 | D:1      | Reached XP level 2. HP: 27/27 MP: 1/1
   528 | D:1      | Reached skill level 4 in Axes
   921 | D:2      | Reached XP level 3. HP: 33/33 MP: 2/2
   971 | D:2      | Found a faded altar of an unknown god.
  1047 | D:2      | Reached ** piety under Trog
  1599 | D:2      | Reached XP level 4. HP: 41/41 MP: 3/3
  1913 | D:3      | Noticed Grinder
  1918 | D:3      | Paralysed by Grinder for 3 turns
  1929 | D:3      | Reached skill level 5 in Axes
  2169 | D:3      | Noticed Ijyb
  2172 | D:3      | Reached XP level 5. HP: 47/47 MP: 4/4
  2190 | D:3      | Killed Ijyb
  2454 | D:3      | Paralysed by Grinder for 7 turns
  2474 | D:3      | Killed Grinder
  2475 | D:3      | Reached skill level 5 in Fighting
  2475 | D:3      | Reached skill level 6 in Axes
  2475 | D:3      | Reached XP level 6. HP: 18/56 MP: 5/5
  3056 | D:4      | Found a bloodstained altar of Trog.
  3430 | D:4      | Reached skill level 1 in Stealth
  3430 | D:4      | Reached skill level 1 in Unarmed Combat
  3510 | D:4      | Reached XP level 7. HP: 57/60 MP: 6/6
  3752 | D:4      | Reached *** piety under Trog
  3843 | D:4      | Found a staircase to the Ecumenical Temple.
  4083 | D:5      | Entered Level 5 of the Dungeon
  4136 | D:5      | Reached skill level 7 in Axes
  4301 | D:5      | Noticed Eustachio
  4315 | D:5      | Killed Eustachio
  4316 | D:5      | Reached skill level 5 in Armour
  4671 | D:5      | Found a sparkling altar of Nemelex Xobeh.
  4677 | D:5      | Found a hide-covered altar of Uskayaw.
  4681 | D:5      | Found a sacrificial altar of Ru.
  4778 | D:5      | Reached skill level 8 in Axes
  4778 | D:5      | Reached XP level 8. HP: 56/70 MP: 7/7
  5369 | D:6      | Reached skill level 9 in Axes
  5501 | D:6      | Found an iron altar of Okawaru.
  6282 | D:7      | Reached XP level 9. HP: 44/78 MP: 8/8
  6501 | D:7      | Reached skill level 10 in Axes
  6534 | D:7      | Noticed Joseph
  6541 | D:7      | Killed Joseph
  7334 | D:7      | Noticed a two-headed ogre
  7343 | D:7      | Killed a two-headed ogre
  7344 | D:7      | Reached skill level 11 in Axes
  7344 | D:7      | Reached skill level 5 in Dodging
  7533 | D:7      | Noticed a five-headed hydra
  7543 | D:7      | Killed an eight-headed hydra
  7544 | D:7      | Reached skill level 10 in Armour
  7544 | D:7      | Reached XP level 10. HP: 86/86 MP: 9/9
  8149 | D:8      | Noticed a two-headed ogre
  8162 | D:8      | HP: 1/132 [two-headed ogre/+0 giant club (17)]
  8163 | D:8      | Killed a two-headed ogre
  8839 | D:8      | Found Pyrgh's Magic Scroll Emporium.
  8845 | D:8      | Bought a scroll of blinking for 105 gold pieces
  8845 | D:8      | Bought a scroll of noise for 14 gold pieces
  8875 | D:8      | Found Luwyrio's Antique Weapon Boutique.
  8880 | D:8      | Reached skill level 12 in Axes
  8987 | D:8      | Reached **** piety under Trog
  9043 | D:8      | Found a glowing silver altar of Zin.
  9315 | D:9      | Found a staircase to the Lair.
  9863 | D:9      | Noticed a cyclops
  9863 | D:9      | Noticed a centaur warrior
  9879 | D:9      | Killed a centaur warrior
  9880 | D:9      | Reached skill level 13 in Axes
  9947 | D:9      | Killed a cyclops
  9948 | D:9      | Reached XP level 11. HP: 81/97 MP: 10/10
  9948 | D:9      | Noticed a boulder beetle
  9958 | D:9      | Killed a boulder beetle
 10066 | D:9      | Noticed a seven-headed hydra
 10074 | D:9      | Killed a 12-headed hydra
 10183 | D:9      | Identified the ring of Saig {Wiz rElec rPois Will- Str-3}
 10247 | D:9      | Noticed a deep elf pyromancer
 10251 | D:9      | Killed a deep elf pyromancer
 10358 | D:9      | Found a runed translucent door.
 10364 | D:9      | Noticed a five-headed hydra
 10387 | D:9      | Killed a five-headed hydra
 10388 | D:9      | Reached skill level 14 in Axes
 10513 | D:9      | Reached skill level 1 in Maces & Flails
 10831 | D:9      | Identified the +10 shortbow of Big Damage {freeze, rC+}
 10831 | D:9      | Identified the +3 scale mail of Oskeor {Dex+4}
 11254 | D:9      | Noticed a lindwurm
 11254 | D:9      | Noticed a lindwurm
 11258 | D:9      | Noticed a lindwurm
 11263 | D:9      | Noticed a lindwurm
 11531 | D:9      | Killed a lindwurm
 11532 | D:9      | Reached skill level 10 in Fighting
 11532 | D:9      | Killed a lindwurm
 11535 | D:9      | Killed a lindwurm
 11539 | D:9      | Killed a lindwurm
 11832 | D:10     | Entered Level 10 of the Dungeon
 11870 | D:10     | Noticed Maurice
 11894 | D:10     | Killed Maurice
 12156 | D:10     | Found a staircase to the Orcish Mines.
 12174 | D:10     | Noticed a two-headed ogre
 12178 | D:10     | Gained mutation: You are partially covered in iridescent
                  | scales. (AC +2) [potion of mutation]
 12184 | D:10     | Killed a two-headed ogre
 12195 | D:10     | Reached ***** piety under Trog
 12451 | D:11     | Reached XP level 12. HP: 94/107 MP: 11/11
 13254 | D:12     | Reached skill level 15 in Axes
 13742 | D:12     | Noticed a five-headed hydra
 13753 | D:12     | Killed a one-headed hydra
 14045 | D:12     | Reached skill level 1 in Polearms
 14047 | D:12     | Noticed Jorgrun
 14063 | D:12     | Killed from afar by Jorgrun

Illustrated notes

Levels and vault maps discovered:
D:1:      enne_arrival_octagon_isle, layout_loops_ring
D:2:      layout_loops_ring, shapermc_ecumenical_altar_mp_ritualfount,
          minmay_3d_cube
D:3:      layout_loops_ring, grunt_ministairs_7, uniq_ijyb, uniq_grinder
D:4:      layout_loops_corners, mainiacjoe_overflow_cross_hatched,
          minmay_temple_entry_statues
D:5:      layout_basic, minmay_overflow_temple_star_quad, uniq_eustachio
D:6:      layout_loops_ring, mainiacjoe_overflow_chevrons, dk_rats_in_the_wall
D:7:      layout_basic, minmay_manual_monolith, uniq_joseph
D:8:      layout_rooms, zin_scriptorium, serial_shops, nicolae_diamond_shop,
          shop_fountains
D:9:      minmay_the_grid_four_pointed_star_mashed
          [minmay_the_grid_triangle_9x9_corruption,
          minmay_the_grid_triangle_9x9_subtriangle,
          minmay_the_grid_triangle_9x9_semitri,
          minmay_the_grid_triangle_9x9_thin_v,
          minmay_the_grid_prize_shrinking_boxes], layout_loops_ring,
          lair_entry_dummy, minmay_lindwurm_lava
D:10:     layout_rooms, david_orc_3, uniq_maurice
D:11:     layout_roguey
D:12:     layout_rooms, fountainhead, hangedman_abyss_or_decor_clamps,
          lightli_wizard_tower, uniq_jorgrun

Skill      XL: |  1  2  3  4  5  6  7  8  9 10 11 12 |
---------------+-------------------------------------+-----
Axes           | 4 5 6 8 9 11 13 14 15 | 15.6
Fighting       | 4 5 6 7 9 10 11 | 11.1
Dodging        | 3 4 5 |  5.7
Armour         | 3 4 5 7 10 12 14 | 14.8
Stealth        | 1 2 |  2.1
Unarmed Combat | 1 |  1.0
Maces & Flails | 2 |  2.9
Polearms       | 1 |  1.5

Action                   |  1- 3 |  4- 6 |  7- 9 | 10-12 || total
-------------------------+-------+-------+-------+-------++-------
Melee: Hand axe          |    79 |   109 |    49 |       ||   237
       Headbutt          |     7 |    17 |    24 |    65 ||   113
       Unarmed           |       |    11 |       |       ||    11
       Punch             |       |     1 |       |       ||     1
       Battleaxe         |       |       |   118 |   341 ||   459
       Great mace        |       |       |       |    14 ||    14
       Halberd           |       |       |       |     5 ||     5
Invok: Berserk           |     1 |     3 |     3 |     7 ||    14
       Trog's Hand       |       |     4 |     3 |     5 ||    12
  Use: Scroll            |       |     6 |       |     6 ||    12
       Potion            |       |     4 |       |     4 ||     8
 Stab: Confused          |       |     1 |       |       ||     1
Armor: Animal skin       |    29 |       |       |       ||    29
       Ring mail         |       |    30 |       |       ||    30
       Skin              |       |     2 |       |     2 ||     4
       Chain mail        |       |    36 |   128 |   161 ||   325
       Plate armour      |       |       |       |    81 ||    81
Dodge: Dodged            |    73 |    58 |    99 |   139 ||   369
